 Dungeon Crawl Stone Soup version 0.17-a0-1731-g129c023 (webtiles) character file.

4053 Kaesh the Blocker (level 10, -2/80 HPs)
             Began as a Formicid Fighter on Aug 29, 2015.
             Was a Believer of Okawaru.
             Slain by a yak (7 damage)
             ... on level 8 of the Dungeon.
             The game lasted 00:31:04 (7752 turns).

Kaesh the Blocker (Formicid Fighter)                Turns: 7752, Time: 00:31:04

Health: -2/80      AC: 11    Str: 24    XL:     10   Next: 48%
Magic:  10/10      EV:  9    Int: 10    God:    Okawaru [**....]
Gold:   381        SH: 13    Dex: 12    Spells: 0 memorised, 9 levels left

rFire  . . .     SeeInvis +     w - +1 war axe (chop)
rCold  + . .     Clarity  .     b - +0 scale mail
rNeg   + + .     SustAt   .     c - +1 shield
rPois  .         Gourm    .     (helmet unavailable)
rElec  .         Spirit   .     v - +0 cloak
rCorr  .         Warding  +     (no gloves)
rMut   .         Stasis   +     l - +1 pair of boots
MR     +....                    f - amulet of warding
Stlth  ..........               o - ring of positive energy
                                m - ring of protection from cold

@: somewhat resistant to hostile enchantments, extremely unstealthy
A: permanent stasis, dig shafts and tunnels, four strong arms, antennae 3,
repulsion field 1, agile 1, clever 1
a: Dig, Shaft Self, Heroism, Renounce Religion


You were on level 8 of the Dungeon.
You worshipped Okawaru.
Okawaru was pleased with you.
You were hungry.

You visited 2 branches of the dungeon, and saw 9 of its levels.

You collected 381 gold pieces.

Inventory:

Hand weapons
 a - a +0 war axe
 w - a +1 war axe of chopping (weapon)
Armour
 b - a +0 scale mail (worn)
 c - a +1 shield (worn)
 l - a +1 pair of boots (worn)
 v - a +0 cloak (worn)
Jewellery
 f - an amulet of warding (around neck)
 m - a ring of protection from cold (left hand)
 o - a ring of positive energy (right hand)
Magical devices
 s - a wand of slowing (19)
Scrolls
 d - 2 scrolls of remove curse
 i - a scroll of fog
 p - a scroll of identify
 r - a scroll of fear
Potions
 g - a potion of curing
 n - a potion of brilliance
Books
 q - a book of Ice

   Spells                             Type                      Level
   a - Ice Form                       Ice/Transmutation            4
   b - Metabolic Englaciation         Hexes/Ice                    5
   c - Ozocubu's Refrigeration        Ice                          6
   d - Bolt of Cold                   Conjuration/Ice              6
   e - Freezing Cloud                 Conjuration/Ice/Air          6
   f - Simulacrum                     Ice/Necromancy               6
 u - a book of Transfigurations

   Spells                             Type                      Level
   a - Stoneskin                      Transmutation/Earth          2
   b - Irradiate                      Conjuration/Transmutation    5
   c - Statue Form                    Transmutation/Earth          6
   d - Hydra Form                     Transmutation                6
   e - Dragon Form                    Transmutation                7
Comestibles
 e - 6 bread rations
 h - 2 slices of pizza
 j - 3 meat rations
 k - 2 beef jerkies


   Skills:
 + Level 8.1 Fighting
 + Level 6.7 Axes
 + Level 7.6 Armour
 + Level 5.8 Dodging
 + Level 8.6 Shields


You had 9 spell levels left.
You didn't know any spells.

Dungeon Overview and Level Annotations

Branches:
Dungeon (8/15)             Temple (1/1) D:5
   Lair: D:8-11

Altars:
Ashenzari
Cheibriados
Dithmenos
Elyvilon
Fedhas
Gozag
Kikubaaqudgha
Makhleb
Nemelex Xobeh
Okawaru
Ru
Sif Muna
Trog
Xom
Yredelemnul
Zin
The Shining One


Innate Abilities, Weirdness & Mutations

You are under a permanent stasis effect.
You can dig through walls and to a lower floor.
Your four strong arms can wield two-handed weapons with a shield.
You have a pair of large antennae on your head (SInv).
You are surrounded by a mild repulsion field (EV +2).
You are agile. (Dex +2)
Your mind is acute. (Int +2)


Message History

You block the river rat's attack. The yak gores you! The crocodile bites you.
You slash the yak!
You kill the yak!
Okawaru accepts your kill.
You are struck by the porcupine's spines.
You closely miss the porcupine.
The porcupine is severely wounded.
You slash the river rat!
The river rat is severely wounded.
You hit the crocodile but do no damage. You block the porcupine's attack.
The river rat bites you. The porcupine barely misses you.
You block the crocodile's attack. The yak gores you!
* * * LOW HITPOINT WARNING * * *
The river rat bites you!
* * * LOW HITPOINT WARNING * * *
The porcupine bites you.
* * * LOW HITPOINT WARNING * * *
The crocodile bites you but does no damage.
The yak gores you!
You die...

###.. ..#.# #.#.####
#.#....... #....###.##
##Z.........
####.......#.# ##.#
#...rr.......##...
.......##@tr.......#..
......# ##Y....#.....#
#<.##. #(...## #...###.
#. ... #(#.## #.#..... #
.....##(#.#####)..# #
..........รท.....)..#.#.#
.......##.......))......#
.... #.......{Y....## .#.
#########r#####


You could see a yak, a crocodile, 2 porcupines, a river rat and an adder
skeleton.

Vanquished Creatures
  An unseen horror (D:8)
  Grinder (D:4)
  A wyvern (D:7)
  3 yaks (D:8)
  Eustachio (D:4)
  Menkaure (D:6)
  2 porcupines (D:8)
  The ghost of RedzDrunk the Chiller, an average GrIE (D:4)
  An orc warrior (D:8)
  An ice beast (D:8)
  A sky beast (D:5)
  A centaur (D:8)
  A phantom (D:8)
  A necrophage (D:6)
  2 ogres
  A crocodile (D:8)
  The ghost of RedzDrunk the Skirmisher, an average GrIE (D:3)
  A wyvern skeleton (D:7)
  A scorpion (D:3)
  2 giant frogs (D:7)
  3 killer bees (D:7)
  3 crimson imps
  A jelly (D:8)
  A centaur skeleton (D:6)
  A giant frog skeleton (D:8)
  2 hounds (D:6)
  An orc priest (D:8)
  5 orc wizards
  4 iguanas
  Jessica (D:3)
  5 worker ants
  2 hound zombies (D:7)
  3 hound skeletons
  7 adders
  3 gnolls (D:4)
  A shadow imp (D:6)
  5 adder zombies
  5 worms
  2 adder skeletons
  18 orcs
  2 giant cockroaches
  6 hobgoblins
  16 jackals
  4 quokkas
  6 ball pythons
  9 bats
  6 giant geckos
  A giant gecko skeleton (D:4)
  5 giant newts
  14 goblins
  15 kobolds
  A quokka zombie (D:6)
  7 rats
190 creatures vanquished.

Vanquished Creatures (others)
  2 bushes (D:8)
  2 fungi (D:8)
  7 plants
11 creatures vanquished.

Grand Total: 201 creatures vanquished

Notes
Turn   | Place    | Note
--------------------------------------------------------------
     0 | D:1      | Kaesh the Formicid Fighter began the quest for the Orb.
     0 | D:1      | Reached XP level 1. HP: 18/18 MP: 1/1
   130 | D:1      | Gained mutation: You are agile. (Dex +2) [potion of mutation]
   130 | D:1      | Gained mutation: You are surrounded by a mild repulsion field (EV +2). [potion of mutation]
   130 | D:1      | Gained mutation: Your mind is acute. (Int +2) [potion of mutation]
   259 | D:1      | Reached XP level 2. HP: 24/24 MP: 2/2
   620 | D:1      | Reached skill level 4 in Shields
   620 | D:1      | Reached XP level 3. HP: 28/30 MP: 3/3
  1100 | D:2      | Reached skill level 1 in Dodging
  1109 | D:2      | Reached XP level 4. HP: 35/37 MP: 4/4
  2515 | D:3      | Noticed RedzDrunk's ghost (average GrIE)
  2530 | D:3      | Killed RedzDrunk's ghost
  2530 | D:3      | Reached XP level 5. HP: 32/43 MP: 5/5
  2622 | D:3      | Found an opulent altar of Gozag.
  2886 | D:3      | Reached XP level 6. HP: 35/49 MP: 6/6
  3069 | D:3      | Noticed Jessica
  3082 | D:3      | Killed Jessica
  3082 | D:3      | Reached skill level 5 in Shields
  3766 | D:4      | Noticed RedzDrunk's ghost (average GrIE)
  3792 | D:4      | Killed RedzDrunk's ghost
  3792 | D:4      | Reached skill level 5 in Fighting
  3792 | D:4      | Reached XP level 7. HP: 27/56 MP: 7/7
  4114 | D:4      | Noticed Eustachio
  4149 | D:4      | Killed Eustachio
  4373 | D:4      | Noticed Grinder
  4385 | D:4      | Reached skill level 5 in Armour
  4406 | D:4      | Killed Grinder
  4406 | D:4      | Reached XP level 8. HP: 26/64 MP: 8/8
  4406 | D:4      | Reached skill level 6 in Shields
  4714 | D:5      | Entered Level 5 of the Dungeon
  4817 | D:5      | Found a shadowy altar of Dithmenos.
  5132 | D:5      | Found a staircase to the Ecumenical Temple.
  5142 | Temple   | Entered the Ecumenical Temple
  5287 | Temple   | Became a worshipper of Warmaster Okawaru
  5608 | D:6      | Noticed Menkaure
  5617 | D:6      | Killed Menkaure
  5643 | D:6      | Reached XP level 9. HP: 48/69 MP: 9/9
  5960 | D:6      | Reached skill level 5 in Axes
  6071 | D:6      | Found a glowing golden altar of the Shining One.
  6248 | D:6      | Reached skill level 7 in Shields
  6399 | D:7      | Found a snail-covered altar of Cheibriados.
  6436 | D:7      | Acquired Okawaru's first power
  6472 | D:7      | Found a flagged portal.
  6980 | D:7      | Found a blossoming altar of Fedhas.
  7290 | D:8      | Noticed an unseen horror
  7305 | D:8      | Killed an unseen horror
  7305 | D:8      | Reached skill level 5 in Dodging
  7307 | D:8      | Reached skill level 8 in Shields
  7307 | D:8      | Reached XP level 10. HP: 52/79 MP: 10/10
  7752 | D:8      | Slain by a yak

Vault maps used:
D:1:      dpeg_arrival_radiant, lexackson_kobold_supper
D:3:      grunt_gozag_breadcrumbs, uniq_jessica
D:4:      first_bread, uniq_eustachio, uniq_grinder
D:5:      minmay_temple_entry_poolview, grunt_dithmenos_smoke_and_mirrors
D:6:      nicolae_tso_swordbearing_angel, grunt_ministairs_10,
          minmay_crystal_water, uniq_menkaure
D:7:      lemuel_round_altar, cheibriados_altar_wand_db, enter_bailey_3
D:8:      minmay_lair_entry_grove, grunt_ogre_cave
Temple:   circular_temple_12

Action                   |  1- 3 |  4- 6 |  7- 9 | 10-12 || total
-------------------------+-------+-------+-------+-------++-------
Melee: War axe           |   108 |   164 |   390 |    78 ||   740
Invok: Heroism           |       |       |     1 |     2 ||     3
Evoke: Wand              |       |       |       |     1 ||     1
  Use: Scroll            |     3 |     2 |     6 |       ||    11
       Potion            |     1 |     3 |     6 |       ||    10
  Eat: Chunk             |     1 |     8 |    11 |     1 ||    21
       Royal jelly       |       |       |     1 |       ||     1
